 Dungeon Crawl Stone Soup version 0.20.0-6-gd3061e9 (webtiles) character file.

17933 inmateoo the Martial Artist (level 12, -30/75 HPs)
             Began as a Tengu Transmuter on May 28, 2017.
             Was a Priest of Fedhas.
             Killed from afar by a frost giant (54 damage)
             ... with a bolt of cold
             ... in an ice cave.
             The game lasted 00:24:30 (12382 turns).

inmateoo the Martial Artist (Tengu Transmuter)     Turns: 12382, Time: 00:24:31

Health: -30/75     AC: 18    Str: 26    XL:     12   Next: 53%
Magic:  21/22      EV: 29    Int: 14    God:    Fedhas [***...]
Gold:   647        SH:  0    Dex: 20    Spells: 10/23 levels left

rFire    . . .     SeeInvis .     - Unarmed
rCold    . . .     Gourm    .   (no shield)
rNeg     . . .     Faith    .   H - +5 ring mail "Deawe" {Str+6 Dex+2}
rPois    .         Spirit   .   (helmet restricted)
rElec    .         Reflect  .   v - +1 cloak
rCorr    .         Harm     .   y - +1 pair of gloves
MR       +....                  (boots unavailable)
Stlth    ++........             (no amulet)
Regen    0.3/turn               b - +6 ring of slaying
MPRegen  0.2/turn               x - ring of protection from magic

@: mighty, agile, about to teleport, appendage, flying quickly and evasively,
hasted, studying Dodging, very quick
A: beak, horns 2, talons 3, iridescent scales 1, clumsy 1, able to fly 1
a: End Transformation, Fungal Bloom, Evolution, Sunlight, Growth, Renounce
Religion


You were in an ice cave.
You worshipped Fedhas.
Fedhas was most pleased with you.
You were not hungry.
You had grown temporary horns.
You visited 2 branches of the dungeon, and saw 14 of its levels.
You also visited: Ice Cave.

You collected 746 gold pieces.
You spent 99 gold pieces at shops.

Inventory:

Missiles
 a - 269 arrows
 i - 7 javelins (quivered)
Armour
 f - a +0 ring mail of fire resistance
 v - a +1 cloak (worn)
 y - a +1 pair of gloves (worn)
 H - the +5 ring mail "Deawe" (worn) {Str+6 Dex+2}
   (You found it on level 9 of the Dungeon)

   It affects your strength (+6).
   It affects your dexterity (+2).
Jewellery
 b - a +6 ring of slaying (left hand)
 x - a ring of protection from magic (right hand)
 K - an uncursed ring of protection from fire
Wands
 s - a wand of flame (3/48)
 z - a wand of iceblast (14/15)
 A - a wand of paralysis (16/24)
 B - a wand of acid (0/15)
 C - a wand of random effects (21/48)
 E - a wand of lightning (9/15)
 F - a wand of iceblast (12/15)
 I - a wand of iceblast (3/15)
 L - a wand of flame (7/48)
 M - a wand of acid (9/15)
 O - a wand of lightning (11/15)
Scrolls
 g - 5 scrolls of remove curse
 k - 5 scrolls of teleportation
 o - 2 scrolls of recharging
 p - 4 scrolls of fog
 N - 2 scrolls of amnesia
 Q - 2 scrolls of identify
Potions
 e - 5 potions of brilliance
 h - a potion of haste
 j - 2 potions of cancellation
 m - a potion of flight
 n - a potion of agility
 t - a potion of invisibility
 u - a potion of might
 D - a potion of curing
 J - a potion of lignification
Books
 c - a book of Changes

   Spells                             Type                      Level
   a - Beastly Appendage              Transmutation                1
   b - Sticks to Snakes               Transmutation                2
   c - Spider Form                    Transmutation/Poison         3
   d - Ice Form                       Ice/Transmutation            4
   e - Blade Hands                    Transmutation                5
 R - a manual of Dodging
Miscellaneous
 G - a lightning rod (4/4)
Comestibles
 d - 16 bread rations
 l - 10 meat rations
 w - 8 fruits


   Skills:
 + Level 8.4 Fighting
 - Level 7.1 Armour
 + Level 9.9 Dodging
 * Level 12.9 Unarmed Combat
 * Level 6.3 Spellcasting
 * Level 6.4 Transmutations


You had 10 spell levels left.
You knew the following spells:

 Your Spells              Type           Power        Failure   Level  Hunger
a - Beastly Appendage     Tmut           ###...       1%          1    None
b - Sticks to Snakes      Tmut           ###.....     2%          2    #......
c - Apportation           Tloc           #.....       22%         1    None
d - Blink                 Tloc           N/A          32%         2    #......
e - Lesser Beckoning      Tloc           #.........   54%         3    ###....
f - Passage of Golubria   Tloc           N/A          91%         4    ####...


Dungeon Overview and Level Annotations

Branches:
Dungeon (13/15)            Temple (1/1) D:5            Lair (0/6) D:9
    Orc (0/2) D:11
 Vaults: D:13-14

Altars:
Dithmenos
Elyvilon
Fedhas
Hepliaklqana
Makhleb
Nemelex Xobeh
Okawaru
Ru
Sif Muna
Trog
Uskayaw
Vehumet
Xom
Yredelemnul
The Shining One

Shops:
D:6 :   D:9 *   D:11 !!*:

Annotations:
D:4 Hasart's ghost, novice NaWr


Innate Abilities, Weirdness & Mutations

You have a beak for a mouth.
You have claws for feet.
You can fly.
You have a pair of horns on your head.
You are partially covered in iridescent scales. (AC +2)
You are clumsy. (Dex -2)


Message History

You are engulfed in freezing vapours.
* * * LOW HITPOINT WARNING * * *
Unknown command.
You feel better.
You are engulfed in freezing vapours.
As you read the scroll of teleportation, it crumbles to dust.
You feel strangely unstable.
You are engulfed in freezing vapours.
* * * LOW HITPOINT WARNING * * *
Unknown command.
Unknown command.
Unknown command.
You feel better.
The frost giant is engulfed in freezing vapours.
You punch the frost giant! You claw the frost giant!
You headbutt the frost giant!
The frost giant is moderately wounded.
The frost giant gestures at you while chanting.
The bolt of cold hits you!
Ouch! That really hurt!
You die...
Fedhas appreciates your contribution to the ecosystem.

#### ########## ##.#.
#hhC##§§§########.#.⌠
#.h.##@§§##...#..#.###.
#..hY#
########..#..#####
....h# #..#####.≈≈#
....# ##..##..≈#≈≈ ##..
###...##≈≈≈ ##
#####≈≈≈# #≈≈#≈≈≈
≈≈≈≈≈≈≈≈ ≈≈≈≈≈≈≈≈#


You could see a frost giant and 2 polar bears.

Vanquished Creatures
  A centaur warrior (D:12)
  A two-headed ogre (D:11)
  A death yak (IceCv)
  Nergalle (D:12)
  An unseen horror (D:12)
  Pikel (D:9)
  The ghost of herpmino the Basher, a novice DgGl (D:10)
  A deep elf mage (D:12)
  2 cyclopes (D:12)
  An elephant (D:9)
  An ice statue (IceCv)
  14 polar bears (IceCv)
  A spriggan (D:8)
  A wraith (D:10)
  15 yaks
  2 basilisks (D:9)
  2 vampire mosquitoes (D:12)
  3 wargs (D:11)
  A water moccasin (D:13)
  5 orc warriors
  4 ice beasts
  2 sky beasts
  A slave (D:9)
  A phantom (D:10)
  10 wolves (IceCv)
  A necrophage (D:12)
  6 ogres
  6 centaurs
  2 crocodiles
  4 big kobolds
  3 bullfrogs
  A water moccasin skeleton (D:10)
  A scorpion (D:6)
  11 killer bees
  4 wights (D:8)
  2 howler monkeys
  8 crimson imps
  2 bullfrog zombies
  2 jellies
  4 orc wizards
  7 orc priests
  A gnoll shaman (D:6)
  3 bullfrog skeletons
  2 centaur skeletons
  4 iguanas
  7 worker ants
  A hound zombie (D:5)
  A howler monkey skeleton (D:6)
  A worker ant zombie (D:10)
  9 adders
  14 gnolls
  A shadow imp (D:7)
  12 white imps (D:13)
  An ooze (D:1)
  3 worms
  A dart slug (D:1)
  3 leopard geckos
  41 orcs
  3 ball pythons
  4 giant cockroaches
  9 goblins
  6 hobgoblins
  8 jackals
  19 kobolds
  3 quokkas
  3 bats
  3 frilled lizards (D:3)
  A leopard gecko skeleton (D:4)
  A quokka zombie (D:5)
  21 rats
324 creatures vanquished.

Vanquished Creatures (others)
  A polar bear (IceCv)
  A yak (IceCv)
  3 slaves (D:9)
  A wolf (IceCv)
  A shadow imp (D:9)
  94 toadstools
101 creatures vanquished.

Grand Total: 425 creatures vanquished

Notes
Turn   | Place    | Note
-------+----------+-------------------------------------------
     0 | D:1      | inmateoo the Tengu Transmuter began the quest for the Orb.
     0 | D:1      | Reached XP level 1. HP: 12/12 MP: 4/4
    96 | D:1      | Reached XP level 2. HP: 10/16 MP: 6/6
   253 | D:1      | Reached skill level 4 in Unarmed Combat
   630 | D:1      | Reached XP level 3. HP: 20/20 MP: 7/7
  1158 | D:2      | Reached skill level 5 in Unarmed Combat
  1195 | D:2      | Reached XP level 4. HP: 23/25 MP: 8/8
  1616 | D:2      | Learned a level 2 spell: Sticks to Snakes
  1667 | D:3      | Reached skill level 6 in Unarmed Combat
  1669 | D:3      | HP: 1/25 [gnoll/club (7)]
  1671 | D:3      | Gained mutation: You can fly. [Tengu growth]
  1671 | D:3      | Reached XP level 5. HP: 1/29 MP: 9/9
  2188 | D:3      | Found a hide-covered altar of Uskayaw.
  2189 | D:3      | Noticed a dagger
  2189 | D:3      | Noticed a hand axe
  2856 | D:4      | Noticed an ogre
  2930 | D:4      | Reached skill level 7 in Unarmed Combat
  2930 | D:4      | Reached XP level 6. HP: 27/34 MP: 8/10
  3050 | D:4      | Noticed Hasart's ghost (novice NaWr)
  3527 | D:5      | Entered Level 5 of the Dungeon
  3571 | D:5      | Reached skill level 8 in Unarmed Combat
  3576 | D:5      | Reached XP level 7. HP: 6/38 MP: 7/11
  4015 | D:5      | Found a staircase to the Ecumenical Temple.
  4027 | Temple   | Entered the Ecumenical Temple
  4112 | Temple   | Became a worshipper of Fedhas Madash
  4189 | D:5      | Reached skill level 9 in Unarmed Combat
  4391 | D:5      | Found a white marble altar of Elyvilon.
  4444 | D:5      | Found a basalt altar of Yredelemnul.
  4934 | D:6      | Found Tyukhlor's Book Shoppe.
  4971 | D:6      | Reached XP level 8. HP: 41/45 MP: 12/12
  5881 | D:7      | Found a radiant altar of Vehumet.
  5883 | D:7      | Found a burning altar of Makhleb.
  6253 | D:7      | Reached skill level 10 in Unarmed Combat
  6449 | D:8      | Reached skill level 1 in Armour
  6513 | D:8      | Reached skill level 5 in Dodging
  6513 | D:8      | Reached XP level 9. HP: 21/52 MP: 10/14
  7070 | D:8      | Reached * piety under Fedhas
  7196 | D:8      | Reached skill level 5 in Fighting
  7511 | D:9      | Found Ymoryol's General Store.
  7516 | D:9      | Bought a potion of lignification for 48 gold pieces
  7520 | D:9      | Found an iron altar of Okawaru.
  7648 | D:9      | Got a jewelled ring mail
  7659 | D:9      | Identified the +5 ring mail "Deawe" {Str+6 Dex+2} (You found it on level 9 of the Dungeon)
  7835 | D:9      | Noticed Pikel
  7840 | D:9      | Noticed an elephant
  7847 | D:9      | Killed Pikel
  7849 | D:9      | Reached XP level 10. HP: 40/60 MP: 13/15
  7858 | D:9      | Reached skill level 11 in Unarmed Combat
  7864 | D:9      | Killed an elephant
  7864 | D:9      | Reached skill level 5 in Armour
  8025 | D:9      | Found a staircase to the Lair.
  8129 | D:10     | Entered Level 10 of the Dungeon
  8311 | D:10     | Found a radiant altar of Vehumet.
  8600 | D:10     | Noticed herpmino's ghost (novice DgGl)
  8610 | D:10     | Killed herpmino's ghost
  8834 | D:11     | Reached ** piety under Fedhas
  8887 | D:11     | Found a staircase to the Orcish Mines.
  8903 | D:11     | Found Akhutz Wejoi's Distillery.
  8911 | D:11     | Bought a potion of lignification for 51 gold pieces
  8918 | D:11     | Found Beugietz's General Store.
  8968 | D:11     | Learned a level 1 spell: Apportation
  8971 | D:11     | Learned a level 2 spell: Blink
  8975 | D:11     | Learned a level 3 spell: Lesser Beckoning
  8980 | D:11     | Learned a level 4 spell: Passage of Golubria
  9083 | D:11     | Found Qaroukad's Distillery.
  9275 | D:11     | Noticed a two-headed ogre
  9283 | D:11     | Killed a two-headed ogre
  9546 | D:11     | Found Dedaat's Book Shoppe.
  9658 | D:12     | Killed an unseen horror
  9658 | D:12     | Reached XP level 11. HP: 63/67 MP: 16/16
  9666 | D:12     | Noticed a cyclops
 10000 | D:12     | Noticed Nergalle
 10064 | D:12     | Killed Nergalle
 10266 | D:12     | Killed a cyclops
 10495 | D:12     | Noticed a cyclops
 10505 | D:12     | Killed a cyclops
 10505 | D:12     | Reached skill level 12 in Unarmed Combat
 10650 | D:12     | Noticed a deep elf mage
 10657 | D:12     | Killed a deep elf mage
 10929 | D:12     | Noticed a centaur warrior
 10938 | D:12     | Killed a centaur warrior
 10938 | D:12     | Reached skill level 5 in Transmutations
 11162 | D:13     | Reached skill level 5 in Spellcasting
 11286 | D:13     | Gained mutation: You are clumsy. (Dex -2) [mutagenic meat]
 11287 | D:13     | Gained mutation: You are partially covered in iridescent scales. (AC +2) [mutagenic meat]
 11295 | D:13     | Found a frozen archway.
 11356 | IceCv    | Reached *** piety under Fedhas
 11356 | IceCv    | Entered an ice cave
 11771 | IceCv    | Reached XP level 12. HP: 69/73 MP: 15/21
 12086 | IceCv    | Noticed a death yak
 12103 | IceCv    | Killed a death yak
 12356 | IceCv    | Noticed a frost giant
 12382 | IceCv    | Killed from afar by a frost giant

Skill      XL: |  1  2  3  4  5  6  7  8  9 10 11 12 |
---------------+-------------------------------------+-----
Unarmed Combat | 4 5 6 7 8 9 10 11 12 | 12.9
Fighting       | 2 4 5 7 8 |  8.4
Dodging        | 3 5 6 7 9 |  9.9
Spellcasting   | 3 5 6 |  6.3
Armour         | 2 4 6 7 |  7.1
Transmutations | 2 4 5 6 |  6.4

Action                   |  1- 3 |  4- 6 |  7- 9 | 10-12 || total
-------------------------+-------+-------+-------+-------++-------
Melee: Unarmed           |    61 |    77 |   206 |   378 ||   722
       Kick              |    14 |    15 |    51 |   141 ||   221
       Peck              |     7 |    10 |    26 |    86 ||   129
       Punch             |     1 |     3 |     6 |    32 ||    42
       Headbutt          |       |     1 |    13 |    82 ||    96
 Cast: Beastly Appendage |       |     2 |    16 |    25 ||    43
       Sticks to Snakes  |       |       |       |     1 ||     1
Invok: Fungal Bloom      |       |       |     4 |    18 ||    22
 Abil: Fly               |       |     2 |     2 |    14 ||    18
Evoke: Wand              |       |       |       |     4 ||     4
  Use: Scroll            |       |     5 |    10 |    10 ||    25
       Potion            |       |     3 |     1 |    13 ||    17
  Eat: Chunk             |     1 |     6 |    10 |    13 ||    30
       Royal jelly       |       |       |     2 |     3 ||     5
       Fruit             |       |       |     1 |       ||     1
Armor: Ring mail         |     5 |    10 |    51 |    88 ||   154
       Skin              |       |     2 |    11 |     2 ||    15
Dodge: Dodged            |    33 |    30 |    73 |   248 ||   384
